 Dungeon Crawl Stone Soup version 0.29-a0-219-g0a02b1cf4f (console) character file.

Game seed: 16916683601919615774

318 jejorda2 the Shooter (level 6, -1/37 HPs)
             Began as a Tengu Hunter on Feb 25, 2022.
             Slain by a sky beast (6 damage)
             ... on level 4 of the Dungeon.
             The game lasted 00:07:58 (2800 turns).

jejorda2 the Shooter (Tengu Hunter)                 Turns: 2800, Time: 00:07:58

Health: -1/37      AC:  4    Str: 11 (13) XL:     6   Next: 45%
Magic:  7/7        EV: 15    Int: 10 (11) God:
Gold:   196        SH:  0    Dex: 13 (16) Spells: 5/5 levels left

rFire   + . .      SeeInvis .   a - +2 shortbow (venom)
rCold   + . .      Faith    .   (shield currently unavailable)
rNeg    . . .      Spirit   .   b - +1 leather armour
rPois   .          Reflect  .   (helmet restricted)
rElec   .          Harm     .   d - scarf {rC+ rF+}
rCorr   +          Rampage  .   (no gloves)
Will    .....                   (boots unavailable)
Stlth   ++........              g - amulet of regeneration
HPRegen 0.92/turn               e - ring of resist corrosion
MPRegen 0.10/turn               (no ring)

@: brilliant, weak-willed, flying quickly and evasively, quick
A: beak, talons 3, nimble flight
a: no special abilities


You were on level 4 of the Dungeon.
You visited 1 branch of the dungeon, and saw 4 of its levels.
You also visited: Sewer.

You collected 196 gold pieces.

Inventory:

Hand Weapons
 a - a +2 shortbow of venom (weapon)
Armour
 b - a +1 leather armour (worn)
 d - a scarf of resistance (worn)
Jewellery
 e - a ring of resist corrosion (left hand)
 g - an amulet of regeneration (around neck)
Wands
 f - a wand of acid (11)
Scrolls
 i - a scroll of identify
 n - a scroll of amnesia
 q - a scroll of fog
Potions
 c - a potion of curing
 h - a potion of degeneration
 j - 2 potions of resistance
 k - a potion of brilliance
 l - a potion of lignification {unknown}
 m - a potion of might {unknown}
 o - a potion of berserk rage {unknown}
 r - a potion of haste {unknown}
 s - 2 potions of heal wounds {unknown}


   Skills:
 - Level 3.3 Fighting
 + Level 6.3 Bows
 - Level 3.6 Dodging
 - Level 3.0 Stealth


You had 5 spell levels left.
You didn't know any spells.
Your spell library contained the following spells:

 Spells                   Type           Power      Damage    Failure   Level
 Ozocubu's Armour         Ice            0%         N/A       83%         3
 Blade Hands              Tmut           0%         N/A       100%        5
 Irradiate                Conj/Tmut      0%         3d14      100%        5
 Metabolic Englaciation   Hex/Ice        0%         N/A       100%        5
 Conjure Ball Lightning   Conj/Air       0%         3x3d6     100%        6
 Simulacrum               Ice/Necr       0%         N/A       100%        6
 Dragon Form              Tmut           0%         N/A       100%        7
 Discord                  Hex            0%         N/A       100%        8
 Disjunction              Tloc           0%         N/A       100%        8


Dungeon Overview and Level Annotations

Branches:
Dungeon (4/15)              Sewer (visited)
 Temple: D:4-7

Altars:


Innate Abilities, Weirdness & Mutations

You have a beak for a mouth.
You have claws for feet.
Your magical nature lets you fly swiftly and evasively.


Message History

Unknown command.
There is a stone staircase leading up here.
Shoot: a) +2 shortbow (venom)
Press: ? - help, Q - select action, (/) - cycle Shift-Dir - straight line You shoot an arrow.
Something barely misses you.
Unknown command.
Shoot: a) +2 shortbow (venom)
Press: ? - help, Q - select action, (/) - cycle Shift-Dir - straight line You shoot an arrow.
Something hits you. Something shocks you.
Unknown command.
Shoot: a) +2 shortbow (venom)
Press: ? - help, Q - select action, (/) - cycle Shift-Dir - straight line You shoot an arrow.
Something hits you. Something shocks you.
* * * LOW HITPOINT WARNING * * *
Unknown command.
Shoot: a) +2 shortbow (venom)
Press: ? - help, Q - select action, (/) - cycle Shift-Dir - straight line You shoot an arrow.
Something hits you but does no damage.
Unknown command.
You are too injured to fight recklessly!
It was a potion of curing.
You feel better. Something hits you. Something shocks you.
* * * LOW HITPOINT WARNING * * *
It was a potion of degeneration.
There was something very wrong with that liquid.
You feel weakened.
You feel dopey.
You feel clumsy. Something hits you.
* * * LOW HITPOINT WARNING * * *
Something shocks you.
* * * LOW HITPOINT WARNING * * *
It was a potion of brilliance.
You feel clever all of a sudden. Something hits you.
* * * LOW HITPOINT WARNING * * *
Something shocks you.
You die...

... ###..####.#
.... #)...#....
....####......#
#...........#
#...........#
#...........#
#........##.#
#......{###.#
#......@# #.#
#.......# #.#
#.......# #.#
......... .#
.........
..)......#
....>....#
.........#


There were no monsters in sight!

Vanquished Creatures
  A water moccasin (Sewer)
  An iguana (D:4)
  Robin (D:2)
  7 adders
  3 worms
  6 dart slugs
  An orc (D:2)
  7 ball pythons
  12 endoplasms
  6 giant cockroaches
  8 hobgoblins
  3 jackals
  2 kobolds (D:3)
  4 quokkas
  7 bats
  5 frilled lizards
  10 goblins
  2 rats
86 creatures vanquished.

Notes
Turn   | Place    | Note
-------+----------+-------------------------------------------
     0 | D:1      | jejorda2 the Tengu Hunter began the quest for the Orb.
     0 | D:1      | Reached XP level 1. HP: 12/12 MP: 2/2
   116 | D:1      | Reached XP level 2. HP: 17/17 MP: 3/3
   501 | D:1      | Reached XP level 3. HP: 21/21 MP: 4/4
   806 | D:2      | Reached skill level 5 in Bows
  1233 | D:2      | Reached XP level 4. HP: 27/27 MP: 5/5
  1379 | D:2      | Noticed Robin
  1385 | D:2      | Killed Robin
  1962 | D:3      | Gained mutation: Your magical nature lets you fly swiftly
                  | and evasively. [Tengu growth]
  1962 | D:3      | Reached XP level 5. HP: 26/32 MP: 6/6
  2583 | D:3      | Found a glowing drain.
  2587 | Sewer    | Entered a sewer
  2617 | Sewer    | Noticed a water moccasin
  2622 | Sewer    | Killed a water moccasin
  2623 | Sewer    | Reached skill level 6 in Bows
  2623 | Sewer    | Reached XP level 6. HP: 33/37 MP: 7/7
  2782 | D:4      | Noticed a sky beast
  2800 | D:4      | Slain by a sky beast

Illustrated notes

Levels and vault maps discovered:
D:1:      minmay_arrival_wavy_path, layout_loops_cross
D:2:      layout_basic, uniq_robin
D:3:      layout_basic, gup_sewer_entry_spiral, minmay_pentomino_pile
D:4:      layout_rooms, enter_ossuary_5, bh_walls_and_bars

Skill      XL: |  1  2  3  4  5 |
---------------+----------------+-----
Bows           | 5 6 |  6.3
Stealth        | 2 3 |  3.0
Dodging        | 3 |  3.6
Fighting       | 3 |  3.3

Action                   |  1- 3 |  4- 6 || total
-------------------------+-------+-------++-------
 Fire: Shortbow          |    81 |   141 ||   222
  Use: Scroll            |       |    10 ||    10
       Potion            |       |     3 ||     3
Armor: Leather armour    |    15 |    16 ||    31
Dodge: Dodged            |    25 |    30 ||    55

Table legend: (Time is in decaauts)
 A = Elapsed time spent in this place.
 B = Non-inter-level travel time spent in this place.
 C = Inter-level travel time spent in this place.
 D = Time resting spent in this place.
 E = Time spent auto-exploring this place.
 F = Levels seen in this place.
 G = Mean time per level.
                   A        B        C        D        E       F      G
               +--------+--------+--------+--------+--------+-----+--------+
         Total |   2790 |   2614 |    176 |     25 |   1830 |   5 |  558.0 |
       Dungeon |   2680 |   2504 |    176 |     25 |   1762 |   4 |  670.0 |
         Sewer |    109 |    109 |      0 |      0 |     67 |   1 |  109.0 |
               +--------+--------+--------+--------+--------+-----+--------+

Top non-repeatable levels by time:
     D:2: 1265 daAuts
     D:3: 797 daAuts
     D:1: 589 daAuts
   Sewer: 109 daAuts
     D:4: 28 daAuts
